 Dungeon Crawl Stone Soup version 0.25.1-2-g60ff931df9 (webtiles) character file.

Game seed: 3520447117887543014

288305 DogServant the Metallomancer (level 21, -25/132 HPs)
             Began as a Gargoyle Earth Elementalist on Oct 13, 2020.
             Was a High Priest of Vehumet.
             Hit by a large rock thrown by a stone giant (34 damage)
             ... on level 4 of the Vaults.
             The game lasted 02:45:39 (55629 turns).

DogServant the Metallomancer (GrEE)                Turns: 55629, Time: 02:45:40

Health: -25/132    AC: 37    Str: 17    XL:     21   Next: 8%
Magic:  3/44       EV: 17    Int: 24    God:    Vehumet [*****.]
Gold:   1036       SH:  5    Dex: 13    Spells: 3/40 levels left

rFire    . . .     SeeInvis .   v - staff of energy
rCold    . . .     Gourm    .   O - +0 buckler
rNeg     + . .     Faith    .   b - +3 ring mail {MR+}
rPois    ∞         Spirit   .   R - +2 helmet {Int+3}
rElec    +         Reflect  .   h - +0 cloak
rCorr    .         Harm     .   p - +2 pair of gloves {Str+3}
MR       +++..                  L - +2 pair of boots
Stlth    +.........             r - amulet of magic regeneration
HPRegen  0.32/turn              j - ring of magical power
MPRegen  0.54/turn              x - ring of protection from magic

@: liquefying, studying Staves, slowed movement, very slow
A: big wings, negative energy resistance 1, electricity resistance, unbreathing,
petrification resistance, rot immunity, AC +16
}: 1/15 runes: serpentine
a: Fly, Renounce Religion


You were on level 4 of the Vaults.
You worshipped Vehumet.
Vehumet was extremely pleased with you.
You were not hungry.

You visited 7 branches of the dungeon, and saw 34 of its levels.
You also visited: Ossuary, Bailey and Ice Cave.

You collected 3923 gold pieces.
You spent 2887 gold pieces at shops.

Inventory:

Missiles
 W - 49 stones (quivered)
Armour
 b - a +3 ring mail of magic resistance (worn)
 h - a +0 cloak (worn)
 p - a +2 pair of gloves of strength (worn)
 K - a +1 hat of magic resistance
 L - a +2 pair of boots (worn)
 O - a +0 buckler (worn)
 R - a +2 helmet of intelligence (worn)
Magical Staves
 v - an uncursed staff of energy (weapon)
 J - an uncursed staff of conjuration
 M - an uncursed staff of earth
 X - an uncursed staff of wizardry
Jewellery
 j - a ring of magical power (left hand)
 m - an uncursed ring of see invisible
 r - an amulet of magic regeneration (around neck)
 x - a ring of protection from magic (right hand)
 A - an uncursed ring of resist corrosion
 G - an uncursed amulet of reflection
Wands
 g - a wand of enslavement (9)
 i - a wand of disintegration (41)
 o - a wand of iceblast (54)
 u - a wand of paralysis (23)
 F - a wand of clouds (16)
 P - a wand of random effects (25)
 Q - a wand of digging (14)
 V - a wand of flame (59)
 Y - a wand of acid (12)
Scrolls
 a - 7 scrolls of teleportation
 c - 2 scrolls of immolation
 e - 3 scrolls of blinking
 s - 11 scrolls of remove curse
 t - 4 scrolls of enchant weapon
 w - a scroll of fear
 y - 10 scrolls of identify
 B - 7 scrolls of fog
 D - 2 scrolls of amnesia
 H - 5 scrolls of summoning
 I - 6 scrolls of magic mapping
Potions
 f - 2 potions of curing
 k - a potion of cancellation
 l - 5 potions of lignification
 q - 4 potions of haste
 z - 10 potions of brilliance
 C - 3 potions of invisibility
 E - 3 potions of resistance
 N - 2 potions of ambrosia
 T - 2 potions of stabbing
 Z - a potion of mutation
Books
 n - a manual of Staves
Comestibles
 d - 12 rations
 S - 2 chunks of flesh


   Skills:
 - Level 14.6 Fighting
   Level 3.5(4.4) Maces & Flails
 - Level 4.0(4.7) Staves
 - Level 8.0 Armour
 - Level 11.5 Dodging
 - Level 2.1 Stealth
 - Level 4.0 Shields
 - Level 0.4 Unarmed Combat
 - Level 10.3 Spellcasting
 - Level 16.1 Conjurations
 - Level 4.6 Hexes
   Level 4.3 Transmutations
 - Level 6.0 Ice Magic
 + Level 23.4 Earth Magic
 - Level 8.3 Evocations


You had 3 spell levels left.
You knew the following spells:

 Your Spells              Type           Power        Failure   Level  Hunger
a - Sandblast             Erth           ######       0%          1    None
b - Leda's Liquefaction   Hex/Erth       ######....   1%          4    None
c - Shatter               Erth           #######...   16%         9    None
d - Lee's Rapid Deconstr  Erth           #######...   0%          5    None
f - Iron Shot             Conj/Erth      #######...   1%          6    None
g - Frozen Ramparts       Ice            #####.       1%          3    None
h - Summon Butterflies    Summ           ##......     9%          1    None
i - Lehudib's Crystal Sp  Conj/Erth      #######...   4%          8    None

Your spell library contained the following spells:

 Spells                   Type           Power        Failure   Level  Hunger
 Chain Lightning          Conj/Air       ######....   99%         8    None
 Absolute Zero            Ice            #####.....   100%        9    None
 Stone Arrow              Conj/Erth      ######       0%          3    None
 Corona                   Hex            ####...      1%          1    None
 Foxfire                  Conj/Fire      ####         1%          1    None
 Shock                    Conj/Air       ####         1%          1    None
 Ensorcelled Hibernation  Hex/Ice        #####.       1%          2    None
 Passwall                 Tmut/Erth      ######..     1%          2    None
 Slow                     Hex            ####....     1%          2    None
 Dazzling Flash           Conj/Hex       ######       1%          3    None
 Static Discharge         Conj/Air       ######..     1%          3    None
 Inner Flame              Hex/Fire       ###.....     2%          3    None
 Confusing Touch          Hex            ####....     3%          3    None
 Tukima's Dance           Hex            ####....     3%          3    None
 Animate Skeleton         Necr           N/A          9%          1    None
 Apportation              Tloc           ##....       9%          1    None
 Pain                     Necr           ##..         9%          1    None
 Summon Small Mammal      Summ           ##..         9%          1    None
 Portal Projectile        Hex/Tloc       ###...       10%         3    None
 Blink                    Tloc           N/A          13%         2    None
 Call Canine Familiar     Summ           ##......     26%         3    None
 Gell's Gravitas          Tloc           ##........   26%         3    None
 Lesser Beckoning         Tloc           ##........   26%         3    None
 Recall                   Summ/Tloc      N/A          26%         3    None
 Vampiric Draining        Necr           ##........   26%         3    None
 Hailstorm                Conj/Ice       ######..     1%          4    None
 Petrify                  Tmut/Erth      ######..     1%          4    None
 Sticky Flame             Conj/Fire      ######..     1%          4    None
 Bolt of Magma            Conj/Fire/Erth ######....   1%          5    None
 Iskenderun's Battlesphe  Conj/Chrm      ######..     2%          5    None
 Lightning Bolt           Conj/Air       ######....   2%          5    None
 Orb of Destruction       Conj           ######....   2%          7    None
 Yara's Violent Unravell  Hex/Tmut       ####......   11%         5    None
 Cause Fear               Hex            ####......   13%         4    None
 Freezing Cloud           Conj/Ice/Air   #####.....   17%         6    None
 Summon Ice Beast         Ice/Summ       ####....     24%         4    None
 Metabolic Englaciation   Hex/Ice        #####.....   26%         5    None
 Spellforged Servitor     Conj/Summ      ######....   52%         7    None
 Animate Dead             Necr           N/A          63%         4    None
 Alistair's Intoxication  Tmut/Pois      ###.....     67%         5    None
 Silence                  Hex/Air        ###.......   67%         5    None
 Summon Mana Viper        Hex/Summ       ###.....     67%         5    None
 Invisibility             Hex            ####....     89%         6    None
 Agony                    Necr           ##......     93%         5    None
 Summon Demon             Summ           ##........   93%         5    None
 Dispersal                Tloc           ##........   100%        6    None
 Summon Hydra             Summ           ##........   100%        7    None
 Controlled Blink         Tloc           N/A          100%        8    None
 Discord                  Hex            ####......   100%        8    None
 Disjunction              Tloc           ##........   100%        8    None
 Ignition                 Fire           ##........   100%        8    None
 Tornado                  Air            ##........   100%        9    None


Dungeon Overview and Level Annotations

Branches:
Dungeon (15/15)            Temple (1/1) D:7            Lair (6/6) D:9
 Shoals (0/4) Lair:4        Snake (4/4) Lair:4        Slime (0/5) Lair:5
    Orc (2/2) D:10            Elf (3/3) Orc:2        Vaults (2/5) D:13
 Depths (0/5) D:15        Ossuary (visited)          Bailey (visited)
  IceCv (visited)
  Crypt: Vaults:2-3

Altars:
Ashenzari
Cheibriados
Dithmenos
Elyvilon
Fedhas
Gozag
Hepliaklqana
Kikubaaqudgha
Makhleb
Nemelex Xobeh
Okawaru
Qazlal
Ru
Sif Muna
Trog
Uskayaw
Vehumet
Wu Jian
Xom
Yredelemnul
Zin
The Shining One
Beogh

Shops:
Orc:1 [   Orc:2 =([*   Snake:1 *   Snake:3 ?[   Vaults:4 %

Annotations:
D:3 3 runed translucent doors, TangoThomas's ghost, weakling BaSk
Lair:3 3 runed translucent doors, Oluanan's ghost, journeyman DsFi
Orc:1 2 transporters, Johnny's ghost, journeyman DgEE
Elf:1 2 transporters, Dataggej's ghost, adept MiBe


Innate Abilities, Weirdness & Mutations

You are resistant to torment.
Your stone body is resilient. (AC +16)
You are immune to poison.
Your large and strong wings let you fly indefinitely.
You resist negative energy. (rN+)
You are resistant to electric shocks. (rElec)
You can survive without breathing.
You are immune to petrification.
You are immune to rotting.


Message History

Aiming: Sandblast (safe; 0% risk of failure)
Press: ? - help, Shift-Dir - straight line, f/p - lich
Aim: a lich (covering ground slowly)
The blast of sand hits the lich but does no damage.
W - 49 stones The vault sentinel blows a loud note on a signal horn!
You hear a shout!
The lich gestures at you while chanting.
The iron shot hits you!!
* * * LOW HITPOINT WARNING * * *
The vault sentinel throws a stone.
The stone barely misses you.
You see here a stone.
The vault sentinel throws a stone.
The stone barely misses you.
The vault sentinel points at you and mumbles some strange words.
You easily resist.
A stone giant comes into view.
There is an open door here.
The stone giant shouts!
The stone giant throws a large rock.
The large rock hits you!!
You die...

########
#......#
#......#
#......#
#......#
#......#
#......#
#(@....#
####'######
#...(...#
#.......#
#.......#
#......p#
#.......'...
.C.......#...
#'#.......#...


You could see a stone giant.

Vanquished Creatures
  Vashnia (Snake:3)
  Nikola (Snake:3)
  A tentacled monstrosity (Vaults:4)
  Jorgrun (D:15)
  2 deep elf blademasters
  A lich (Vaults:1)
  A deep elf master archer (Elf:3)
  Frances (D:14)
  A tengu reaver (Vaults:1)
  Kirke (Lair:6)
  7 nagarajas
  Roxanne (D:15)
  An azure jelly (Elf:3)
  An orc warlord (Orc:2)
  A fire giant (Vaults:4)
  A frost giant (Vaults:4)
  4 deep elf sorcerers (Elf:3)
  A vault warden (Vaults:2)
  Aizul (Snake:3)
  2 very ugly things (Vaults:4)
  5 deep elf elementalists (Elf:3)
  4 ironheart preservers
  A stone giant (Vaults:4)
  2 deep elf demonologists (Elf:3)
  3 entropy weavers
  Azrael (Snake:1)
  10 deep elf annihilators
  5 deep elf death magi
  2 fire dragons
  8 yaktaur captains
  A great orb of eyes (Vaults:4)
  2 deep elf high priests (Elf:3)
  Erolcha (D:12)
  9 vault guards
  14 naga warriors
  An ice dragon (Vaults:1)
  5 anacondas
  5 hydras
  6 catoblepae
  11 centaur warriors
  2 ogre magi
  27 dancing weapons
  A queen ant (Lair:6)
  15 two-headed ogres
  6 death yaks (Lair:6)
  A deep troll earth mage (Vaults:4)
  2 tengu warriors (D:14)
  An orc high priest (Orc:2)
  6 shock serpents
  Urug (Lair:6)
  13 deep elf knights
  14 naga sharpshooters
  A large abomination (Elf:3)
  5 salamander mystics
  Nergalle (Orc:1)
  A flayed ghost (D:13)
  5 unseen horrors
  2 glowing orange brains (Vaults:1)
  7 naga ritualists
  3 wizards
  Pikel (D:8)
  8 deep trolls (Vaults:4)
  15 deep elf archers
  6 ironbrand convokers
  30 ugly things
  A necromancer (Vaults:4)
  17 orc knights
  4 manticores
  8 orc sorcerers
  4 mana vipers
  A wolf spider (Vaults:1)
  58 deep elf magi
  4 cyclopes
  17 salamanders
  10 elephants
  A guardian serpent (Snake:1)
  A black mamba (shapeshifter) (D:15)
  28 black mambas
  8 vault sentinels
  2 merfolk sirens (Lair:4)
  2 torpor snails
  25 naga magi
  7 spiny frogs
  2 kobold demonologists
  Maggie (D:9)
  An efreet (D:13)
  8 yaktaurs
  5 freezing wraiths
  A rime drake (Lair:1)
  10 komodo dragons
  4 trolls
  A troll (shapeshifter) (D:13)
  4 polar bears
  A tengu conjurer (Vaults:1)
  A jumping spider (Vaults:4)
  6 meliai
  A hornet (Vaults:4)
  13 slime creatures
  6 blink frogs
  A meliai zombie (D:13)
  Prince Ribbit (D:5)
  9 dream sheep
  6 hippogriffs
  2 air elementals
  2 shadows (D:15)
  3 wraiths
  3 redbacks (Vaults:4)
  A spriggan (D:7)
  3 water elementals
  A centaur simulacrum (D:14)
  66 yaks
  3 wyverns
  2 vampires
  Sigmund (D:6)
  Eustachio (D:6)
  9 fire elementals
  A hog (shapeshifter) (Elf:1)
  A hungry ghost (D:14)
  3 basilisks
  A golden eye (shapeshifter) (Elf:3)
  16 humans (D:13)
  14 vampire mosquitoes
  Menkaure (D:4)
  A harpy simulacrum (IceCv)
  6 soldier ants
  4 wargs
  3 acid dragons
  20 water moccasins
  58 nagas
  A hydra simulacrum (IceCv)
  6 porcupines
  2 hell hounds (Snake:1)
  10 sky beasts
  4 ice beasts
  48 orc warriors
  3 black bears
  A phantom (D:13)
  12 ogres
  An eye of draining (D:11)
  9 wolves
  17 centaurs
  8 crocodiles
  5 big kobolds
  2 earth elementals
  14 bullfrogs
  Blork the orc (D:6)
  2 troll zombies (Ossuary)
  6 scorpions
  2 wyvern skeletons
  17 killer bees
  7 wights
  3 howler monkeys
  3 electric eels
  2 centaur zombies
  4 crimson imps
  A bullfrog zombie (D:10)
  A quasit (D:7)
  A human zombie (Ossuary)
  4 centaur skeletons
  10 hounds
  27 orc wizards
  20 orc priests
  8 jellies
  3 bullfrog skeletons
  Ijyb (D:5)
  6 iguanas
  2 troll simulacra (IceCv)
  14 worker ants
  2 spriggan simulacra (IceCv)
  A wolf simulacrum (IceCv)
  2 ogre zombies (Ossuary)
  A hound zombie (D:6)
  2 hound skeletons
  7 mummies (Ossuary)
  A worker ant zombie (D:9)
  Robin (D:3)
  7 gnolls
  15 adders
  6 shadow imps
  A white imp (IceCv)
  5 adder zombies (Ossuary)
  3 adder skeletons
  3 worms
  3 dart slugs (D:1)
  3 leopard geckos
  89 orcs
  7 bats
  5 giant cockroaches
  15 goblins
  15 hobgoblins
  15 jackals
  21 kobolds
  3 quokkas
  3 frilled lizards
  A goblin zombie (Ossuary)
  7 hobgoblin zombies (Ossuary)
  A jackal skeleton (D:9)
  4 kobold zombies (Ossuary)
  A leopard gecko zombie (D:6)
  3 quokka zombies (Ossuary)
  6 rats
  4 rat zombies (Ossuary)
  2 crawling corpses (Elf:3)
1360 creatures vanquished.

Vanquished Creatures (others)
  An anaconda (Snake:1)
  A wizard (Vaults:1)
  A water elemental (Elf:1)
  2 humans (Lair:6)
  A naga (Snake:1)
  3 slaves (D:8)
  A killer bee (D:8)
  2 white imps (IceCv)
  5 ufetubi (IceCv)
  13 fungi
  23 plants
53 creatures vanquished.

Grand Total: 1413 creatures vanquished

Notes
Turn   | Place    | Note
-------+----------+-------------------------------------------
     0 | D:1      | DogServant the Gargoyle Earth Elementalist began the quest
                  | for the Orb.
     0 | D:1      | Reached XP level 1. HP: 10/10 MP: 3/3
    64 | D:1      | Reached skill level 4 in Earth Magic
   253 | D:1      | Reached XP level 2. HP: 15/15 MP: 3/5
   869 | D:1      | Reached XP level 3. HP: 18/19 MP: 4/6
  1459 | D:2      | Learned a level 3 spell: Stone Arrow
  1827 | D:2      | Reached skill level 1 in Maces & Flails
  1862 | D:2      | Reached XP level 4. HP: 16/24 MP: 5/8
  2072 | D:3      | Found a sacrificial altar of Ru.
  2118 | D:3      | Found an opulent altar of Gozag.
  2179 | D:3      | Found a runed translucent gate.
  2202 | D:3      | Noticed TangoThomas's ghost (weakling BaSk)
  2217 | D:3      | Reached skill level 1 in Fighting
  2304 | D:3      | Reached skill level 1 in Conjurations
  2324 | D:3      | Found a runed translucent gate.
  2324 | D:3      | Found a runed translucent gate.
  2530 | D:3      | Reached XP level 5. HP: 29/29 MP: 7/9
  2557 | D:3      | Noticed Robin
  2573 | D:3      | Killed Robin
  2597 | D:3      | Reached skill level 5 in Earth Magic
  2783 | D:3      | Found a shimmering blue altar of Sif Muna.
  3011 | D:4      | Noticed Menkaure
  3017 | D:4      | Killed Menkaure
  3017 | D:4      | Reached XP level 6. HP: 28/35 MP: 6/10
  3194 | D:4      | Found a shadowy altar of Dithmenos.
  3287 | D:4      | Found an ancient bone altar of Kikubaaqudgha.
  3480 | D:4      | Reached skill level 6 in Earth Magic
  3480 | D:4      | Reached XP level 7. HP: 40/40 MP: 4/11
  3694 | D:4      | Found a stormy altar of Qazlal.
  3695 | D:4      | Found a glowing silver altar of Zin.
  3969 | D:5      | Entered Level 5 of the Dungeon
  3994 | D:5      | Noticed Ijyb
  4001 | D:5      | Killed Ijyb
  4163 | D:5      | Reached skill level 1 in Armour
  4563 | D:5      | Noticed Prince Ribbit
  4798 | D:5      | Killed Prince Ribbit
  4798 | D:5      | Reached skill level 7 in Earth Magic
  4798 | D:5      | Reached XP level 8. HP: 44/44 MP: 0/12
  4976 | D:5      | Noticed a two-headed ogre
  5164 | D:5      | Killed a two-headed ogre
  5164 | D:5      | Reached skill level 8 in Earth Magic
  5171 | D:5      | Reached XP level 9. HP: 16/48 MP: 2/13
  5423 | D:6      | Noticed Blork the orc
  5428 | D:6      | Killed Blork the orc
  5428 | D:6      | Reached skill level 5 in Armour
  5546 | D:6      | Found a blossoming altar of Fedhas.
  5586 | D:6      | Reached skill level 9 in Earth Magic
  5655 | D:6      | Found a sand-covered staircase.
  5660 | Ossuary  | Entered an ossuary
  6829 | D:6      | Noticed Sigmund
  6833 | D:6      | Killed Sigmund
  6841 | D:6      | Noticed Eustachio
  6862 | D:6      | Killed Eustachio
  7103 | D:6      | Reached skill level 10 in Earth Magic
  7461 | D:6      | Found a glowing golden altar of the Shining One.
  7575 | D:6      | Reached XP level 10. HP: 53/53 MP: 14/14
  7692 | D:7      | Found a staircase to the Ecumenical Temple.
  7700 | Temple   | Entered the Ecumenical Temple
  8380 | D:7      | Found a shimmering altar of Xom.
  8381 | D:7      | Found a shimmering altar of Xom.
  8381 | D:7      | Found a shimmering altar of Xom.
  8381 | D:7      | Found a shimmering altar of Xom.
  8381 | D:7      | Found a shimmering altar of Xom.
  8483 | D:7      | Found a shimmering blue altar of Sif Muna.
  8500 | D:7      | Found a shattered altar of Ashenzari.
  8854 | D:8      | Found a radiant altar of Vehumet.
  8858 | D:8      | Noticed Pikel
  8873 | D:8      | Killed Pikel
  8873 | D:8      | Reached skill level 1 in Evocations
  9068 | D:8      | Found a bloodstained altar of Trog.
  9167 | D:8      | Reached skill level 11 in Earth Magic
  9649 | D:8      | Reached skill level 1 in Staves
  9982 | D:9      | Found a flagged portal.
  9992 | D:9      | Noticed a two-headed ogre
  9997 | D:9      | Noticed Maggie
 10003 | D:9      | Found a hide-covered altar of Uskayaw.
 10066 | D:9      | Found a staircase to the Lair.
 10126 | D:9      | Learned a level 4 spell: Petrify
 10132 | D:9      | Learned a level 5 spell: Lee's Rapid Deconstruction
 10202 | D:9      | Reached skill level 1 in Transmutations
 10247 | D:9      | Noticed a two-headed ogre
 10265 | D:10     | Entered Level 10 of the Dungeon
 10277 | D:10     | Noticed a two-headed ogre
 10288 | D:10     | Killed a two-headed ogre
 10288 | D:10     | Reached XP level 11. HP: 45/61 MP: 0/16
 10494 | D:8      | Became a worshipper of Vehumet
 10586 | D:9      | Killed a two-headed ogre
 10590 | D:9      | Killed Maggie
 10625 | Bailey   | Entered a bailey
 10990 | Bailey   | Got a pair of twisted boots
 10998 | Bailey   | Identified the +2 pair of boots "Ucisch" {-Tele Str+8 Int-5
                  | Dex+6} (You found it in a bailey)
 11109 | Bailey   | Reached skill level 10 in Conjurations
 11532 | D:9      | Killed a two-headed ogre
 11532 | D:9      | Reached skill level 5 in Fighting
 11565 | D:9      | Found an iron altar of Okawaru.
 11752 | D:10     | Reached * piety under Vehumet
 11752 | D:10     | Offered knowledge of Foxfire by Vehumet.
 11785 | D:10     | Noticed a two-headed ogre
 11918 | D:10     | Found a staircase to the Orcish Mines.
 11970 | D:10     | Killed a two-headed ogre
 12374 | D:10     | Killed an unseen horror
 12374 | D:10     | Reached skill level 12 in Earth Magic
 12748 | D:11     | Offered knowledge of Magic Dart by Vehumet.
 12815 | Lair:1   | Entered Level 1 of the Lair of Beasts
 12825 | Lair:1   | Reached ** piety under Vehumet
 13031 | Lair:1   | Learned a level 3 spell: Dazzling Flash
 13111 | Lair:1   | Reached skill level 1 in Shields
 13111 | Lair:1   | Reached skill level 1 in Hexes
 13111 | Lair:1   | Reached XP level 12. HP: 68/68 MP: 3/17
 13395 | Lair:1   | You fall into a shaft and drop 1 floor!
 13462 | Lair:2   | Noticed a catoblepas
 13515 | Lair:2   | Killed a catoblepas
 13708 | Lair:2   | Offered knowledge of Ignite Poison by Vehumet.
 13713 | Lair:2   | Reached skill level 5 in Spellcasting
 14932 | Lair:1   | Reached *** piety under Vehumet
 15575 | Lair:3   | Learned a level 6 spell: Iron Shot
 15831 | Lair:3   | Noticed a seven-headed hydra
 15835 | Lair:3   | Killed a seven-headed hydra
 15835 | Lair:3   | Offered knowledge of Frozen Ramparts by Vehumet.
 15931 | Lair:3   | Noticed a minotaur
 15931 | Lair:3   | Noticed Oluanan's ghost (journeyman DsFi)
 15932 | Lair:3   | Noticed a six-headed hydra
 16228 | Lair:3   | Found a runed translucent gate.
 16228 | Lair:3   | Found a runed translucent gate.
 16228 | Lair:3   | Found a runed translucent gate.
 16261 | Lair:3   | Noticed a seven-headed hydra
 16266 | Lair:3   | Killed a seven-headed hydra
 16266 | Lair:3   | Reached XP level 13. HP: 74/74 MP: 5/23
 16491 | Lair:3   | Got a steaming hand axe
 16852 | Lair:4   | Reached **** piety under Vehumet
 16861 | Lair:4   | Learned a level 3 spell: Frozen Ramparts
 16929 | Lair:4   | Reached skill level 1 in Ice Magic
 17159 | Lair:4   | Found a staircase to the Snake Pit.
 17177 | Lair:4   | Offered knowledge of Airstrike by Vehumet.
 18271 | Lair:4   | Found a staircase to the Shoals.
 18636 | Lair:5   | Found a staircase to the Slime Pits.
 19306 | Lair:6   | Entered Level 6 of the Lair of Beasts
 19340 | Lair:6   | Noticed an entropy weaver
 19340 | Lair:6   | Noticed an entropy weaver
 19343 | Lair:6   | Killed an entropy weaver
 19729 | Orc:1    | Entered Level 1 of the Orcish Mines
 19826 | Orc:1    | Found a transporter.
 19828 | Orc:1    | Noticed Johnny's ghost (journeyman DgEE)
 19840 | Orc:1    | Found a transporter.
 19885 | Orc:1    | Found Tuoho's Antique Armour Shop.
 19903 | Orc:1    | Bought a glowing helmet for 210 gold pieces
 19903 | Orc:1    | Bought a brightly glowing robe for 159 gold pieces
 19926 | Orc:1    | Identified the +2 robe of the Past {rElec} (You bought it
                  | in a shop on level 1 of the Orcish Mines)
 20213 | Orc:1    | Noticed Nergalle
 20231 | Orc:1    | Killed Nergalle
 20231 | Orc:1    | Reached skill level 5 in Ice Magic
 20579 | Orc:1    | Reached ***** piety under Vehumet
 20736 | Orc:2    | Entered Level 2 of the Orcish Mines
 20818 | Orc:2    | Found a staircase to the Elven Halls.
 20828 | Orc:2    | Offered knowledge of Ozocubu's Refrigeration by Vehumet.
 20837 | Orc:2    | Noticed an orc warlord
 20872 | Orc:2    | Gained mutation: Your large and strong wings let you fly
                  | indefinitely. [Gargoyle growth]
 20872 | Orc:2    | Reached XP level 14. HP: 80/80 MP: 12/27
 21282 | Orc:2    | Killed an orc warlord
 21942 | Orc:2    | Found a roughly hewn altar of Beogh.
 21946 | Orc:2    | Found Bagulac's Antique Weapon Shoppe.
 22337 | Orc:2    | Found Weur's General Store.
 22344 | Orc:2    | Bought a +0 leather armour of magic resistance for 162 gold
                  | pieces
 22385 | Orc:2    | Found Raimm's Antique Armour Shoppe.
 22400 | Orc:2    | Found Pish's Jewellery Shoppe.
 22407 | Orc:2    | Bought an uncursed ring of magical power for 320 gold
                  | pieces
 22577 | Orc:2    | Bought a pair of embroidered boots for 195 gold pieces
 22773 | D:11     | Offered knowledge of Freezing Cloud by Vehumet.
 23899 | D:12     | Reached skill level 10 in Spellcasting
 24035 | D:12     | Noticed Erolcha
 24052 | D:12     | Killed Erolcha
 24244 | D:12     | Found a bloodstained altar of Trog.
 24798 | D:13     | Found an opulent altar of Gozag.
 24946 | D:13     | Reached skill level 5 in Evocations
 25279 | D:13     | Offered knowledge of Lightning Bolt by Vehumet.
 25313 | D:13     | Reached XP level 15. HP: 89/89 MP: 18/29
 25611 | D:13     | Found a gate to the Vaults.
 26794 | D:14     | Noticed Frances
 26799 | D:14     | Killed Frances
 26941 | D:14     | Reached skill level 13 in Earth Magic
 27764 | D:14     | Offered knowledge of Fireball by Vehumet.
 28077 | D:15     | Entered Level 15 of the Dungeon
 28077 | D:15     | Noticed Jorgrun
 28081 | D:15     | Killed Jorgrun
 28081 | D:15     | Reached skill level 10 in Fighting
 29050 | D:15     | Reached skill level 5 in Dodging
 29234 | D:15     | Learned a level 1 spell: Summon Butterflies
 29582 | D:15     | Offered knowledge of Starburst by Vehumet.
 29616 | D:15     | Reached XP level 16. HP: 99/99 MP: 21/30
 29764 | D:15     | Found a staircase to the Depths.
 29857 | D:15     | Reached skill level 14 in Earth Magic
 30210 | D:15     | Identified Roxanne's Guide on Earth
 30210 | D:15     | Noticed Roxanne
 30223 | D:15     | Killed Roxanne
 30734 | Lair:6   | Noticed Urug
 30745 | Lair:6   | Killed Urug
 31384 | Lair:6   | Offered knowledge of Conjure Ball Lightning by Vehumet.
 31786 | Lair:6   | Noticed Kirke
 31795 | Lair:6   | Killed Kirke
 31795 | Lair:6   | Reached skill level 15 in Earth Magic
 33195 | Snake:1  | Entered Level 1 of the Snake Pit
 33272 | Snake:1  | Found Voimn's General Store.
 33281 | Snake:1  | Reached skill level 16 in Earth Magic
 33567 | Snake:1  | Noticed Azrael
 33570 | Snake:1  | Killed Azrael
 33570 | Snake:1  | Reached XP level 17. HP: 33/104 MP: 2/31
 34045 | Elf:1    | Entered Level 1 of the Elven Halls
 34312 | Elf:1    | Reached skill level 15 in Conjurations
 34704 | Elf:1    | Reached skill level 17 in Earth Magic
 34983 | Elf:1    | Noticed Dataggej's ghost (adept MiBe)
 35031 | Elf:1    | Found a transporter.
 35056 | Elf:1    | Offered knowledge of Ignition by Vehumet.
 35649 | Elf:1    | Identified the Almanac of Confrontation
 35737 | Elf:1    | Found a transporter.
 36697 | Elf:2    | Learned a level 7 spell: Orb of Destruction
 36970 | Elf:2    | Found a huge runed translucent gate.
 36970 | Elf:2    | Found a huge runed translucent gate.
 36970 | Elf:2    | Found a huge runed translucent gate.
 36973 | Elf:2    | Found a huge runed translucent gate.
 36974 | Elf:2    | Found a huge runed translucent gate.
 37995 | Elf:2    | Noticed a deep elf blademaster
 38002 | Elf:2    | Killed a deep elf blademaster
 38002 | Elf:2    | Reached XP level 18. HP: 99/112 MP: 26/32
 38386 | Elf:3    | Entered Level 3 of the Elven Halls
 38942 | Elf:3    | Found a frozen archway.
 38956 | IceCv    | Entered an ice cave
 39790 | Elf:3    | Found a huge runed gate.
 39790 | Elf:3    | Found a huge runed gate.
 39790 | Elf:3    | Found a huge runed gate.
 39790 | Elf:3    | Found a huge runed gate.
 39790 | Elf:3    | Found a huge runed gate.
 39790 | Elf:3    | Found a huge runed gate.
 39793 | Elf:3    | Found a huge runed gate.
 39793 | Elf:3    | Found a huge runed gate.
 39828 | Elf:3    | Found a huge runed gate.
 39828 | Elf:3    | Found a huge runed gate.
 39828 | Elf:3    | Found a huge runed gate.
 40173 | Elf:3    | Reached ****** piety under Vehumet
 40263 | Elf:3    | Noticed a deep elf blademaster
 40268 | Elf:3    | Killed a deep elf blademaster
 40479 | Elf:3    | Noticed a Hell Sentinel
 40496 | Elf:3    | Noticed a deep elf master archer
 40501 | Elf:3    | Identified the amulet "Pouciar" {Faith Dex+3}
 40742 | Elf:3    | Identified the ring of Eraonk {+Fly Str+2 Dex+3}
 40758 | Elf:3    | Reached skill level 10 in Dodging
 40889 | Elf:3    | Identified the ring of Ocriung {rF+ Str+6 Int-5 Dex+6
                  | Slay-3}
 40892 | Elf:3    | Offered knowledge of Lehudib's Crystal Spear by Vehumet.
 40892 | Elf:3    | Offered knowledge of Chain Lightning by Vehumet.
 40892 | Elf:3    | Offered knowledge of Absolute Zero by Vehumet.
 40942 | Elf:3    | Learned a level 8 spell: Lehudib's Crystal Spear
 41238 | Elf:3    | Killed a deep elf master archer
 41406 | Elf:3    | Identified Sif Muna's Disquisition on Summoning and
                  | Displacement
 41409 | Elf:3    | Got an ancient scale mail
 41453 | Elf:3    | Identified the +2 scale mail of Privacy {rF+ rC- Str+8
                  | Int+3} (You found it on level 3 of the Elven Halls)
 41682 | Elf:3    | Reached skill level 18 in Earth Magic
 41794 | Elf:3    | Found a huge runed gate.
 41794 | Elf:3    | Found a huge runed gate.
 41794 | Elf:3    | Found a huge runed gate.
 41794 | Elf:3    | Found a huge runed gate.
 41796 | Elf:3    | Found a huge runed gate.
 41798 | Elf:3    | Found a huge runed gate.
 41798 | Elf:3    | Found a huge runed gate.
 41799 | Elf:3    | Found a huge runed gate.
 41803 | Elf:3    | Found a huge runed gate.
 41807 | Elf:3    | Found a huge runed gate.
 41829 | Elf:3    | Found a huge runed gate.
 41829 | Elf:3    | Found a huge runed gate.
 41831 | Elf:3    | Found a huge runed gate.
 41832 | Elf:3    | Found a huge runed gate.
 41841 | Elf:3    | Found a huge runed gate.
 41841 | Elf:3    | Found a huge runed gate.
 41841 | Elf:3    | Found a huge runed gate.
 41841 | Elf:3    | Found a huge runed gate.
 41841 | Elf:3    | Found a huge runed gate.
 41841 | Elf:3    | Found a huge runed gate.
 41842 | Elf:3    | Found a huge runed gate.
 41843 | Elf:3    | Found a huge runed gate.
 42442 | Snake:1  | Bought a ration for 70 gold pieces
 42442 | Snake:1  | Bought a ration for 70 gold pieces
 42765 | Snake:1  | Reached XP level 19. HP: 119/119 MP: 20/33
 43393 | Snake:2  | Reached skill level 19 in Earth Magic
 44223 | Snake:3  | Found Vyrafirghe's Magic Scroll Shop.
 44227 | Snake:3  | Noticed Aizul
 44233 | Snake:3  | Killed Aizul
 44236 | Snake:3  | Bought a scroll of acquirement for 832 gold pieces
 44238 | Snake:3  | Acquired an uncursed staff of earth
 44300 | Snake:3  | Found Fipoid's Antique Armour Shoppe.
 44325 | Snake:3  | Bought a crude helmet for 389 gold pieces
 44335 | Snake:3  | Identified the +2 helmet "Toxtiybecu" {Str+4 Slay+5} (You
                  | bought it in a shop on level 3 of the Snake Pit)
 44445 | Snake:3  | Noticed Vashnia
 44474 | Snake:3  | HP: 2/119 [salamander/+4 halberd (15)]
 44493 | Snake:3  | HP: 3/119 [salamander/+0 spear (8)]
 44646 | Snake:3  | Noticed Nikola
 44651 | Snake:3  | Killed Nikola
 44952 | Snake:3  | Killed Vashnia
 44952 | Snake:3  | Reached skill level 20 in Earth Magic
 46252 | Orc:2    | Bought an uncursed amulet of reflection for 480 gold pieces
 46457 | Snake:4  | Entered Level 4 of the Snake Pit
 46998 | Snake:3  | Learned a level 9 spell: Shatter
 47825 | Snake:4  | Reached skill level 21 in Earth Magic
 49621 | Snake:4  | Reached XP level 20. HP: 124/124 MP: 33/34
 49864 | Snake:4  | Got a serpentine rune of Zot
 49892 | Snake:4  | Reached skill level 22 in Earth Magic
 50196 | Vaults:1 | Entered Level 1 of the Vaults
 50781 | Vaults:1 | Identified the +6 war axe "Dicirrit" {drain, rPois Str-5
                  | Int-2 Stlth+}
 50855 | Vaults:1 | Acquired an uncursed staff of wizardry
 51615 | Vaults:1 | Found a radiant altar of Vehumet.
 51679 | Vaults:1 | Found the +2 hood of the Assassin {Detection Stab+ Stlth++}
 53979 | Vaults:2 | You fall into a shaft and drop 2 floors!
 54279 | Vaults:4 | Learned a level 4 spell: Leda's Liquefaction
 54825 | Vaults:4 | Got an encrusted hat
 54826 | Vaults:4 | Identified the +3 hat of Dawn {Str+3} (You found it on
                  | level 4 of the Vaults)
 55181 | Vaults:4 | Found Askainle's Food Shop.
 55209 | Vaults:4 | Reached skill level 23 in Earth Magic
 55495 | Vaults:4 | Reached XP level 21. HP: 124/132 MP: 18/35
 55629 | Vaults:4 | Hit by a large rock thrown by a stone giant

Illustrated notes

Levels and vault maps discovered:
D:1:      nzn_arrival_crosshair, layout_basic
D:2:      layout_rooms
D:3:      layout_basic, grunt_gozag_breadcrumbs, nicolae_overflow_crystal_walls,
          lemuel_blue_sif_altar, gammafunk_ghost_split, uniq_robin
D:4:      layout_layer_cave, lemuel_crystal_altar,
          lemuel_coloured_pillars_altar, gammafunk_temple_overflow_statue,
          serial_glass, glass_columns_b, glass_columns_b,
          minmay_strange_pillars, due_unseen_surprise, minmay_strange_pillars,
          minmay_strange_pillars, uniq_menkaure
D:5:      layout_basic, first_ration, uniq_ijyb, uniq_prince_ribbit1
D:6:      layout_basic, fedhas_bush_and_centaur_altar, basic_altar,
          enter_ossuary_5, uniq_eustachio, uniq_sigmund, uniq_blork_the_orc
D:7:      layout_gridville, nicolae_ashenzari_panopticon,
          minmay_temple_entry_large_hall, basic_altar, the_bakery,
          xom_redecorated
D:8:      layout_basic, lemuel_doored_altar, lemuel_round_altar,
          kennysheep_windowed_goal, uniq_pikel
D:9:      layout_big_octagon, overflow_temple_1_default, okawaru_trees_2,
          lair_entry_dummy, enter_bailey_2, uniq_maggie
D:10:     layout_basic, erik_orc_4
D:11:     layout_roguey
D:12:     layout_irregular_city, trog_ov_bears_minmay, uniq_erolcha
D:13:     layout_rooms, david_vaults_3, basic_altar
D:14:     layout_roguey, serial_bayou_pond_d, uniq_frances
D:15:     grunt_enter_depths_magical_seal, layout_basic, grunt_decor_cap,
          uniq_jorgrun, uniq_roxanne
Temple:   jpeg_temple_island
Lair:1:   layout_roguey, grunt_megastairs_4
Lair:2:   layout_small_grid, grunt_megastairs_1, infiniplex_staircase_pool_2
Lair:3:   layout_misc_corridors, maelrawn_ghost_gauntlet_escape,
          nicolae_quartered_pool_super, wad_woods_river_02, hibernation_bobbens
Lair:4:   layout_roguey, elwin_shoals_entry_rooms, guppyfry_snake_entry_garden,
          st_stairs_9
Lair:5:   layout_regular_city, minmay_slime_entry_pillars, serial_bayou_shore_b
Lair:6:   evilmike_catoblepas_cave, layout_regular_city,
          chequers_serial_rivers_small_a, wad_woods_antlair,
          serial_bayou_shore_a, uniq_kirke, uniq_urug
Snake:1:  layout_basic, serial_shops,
          nicolae_shop_temple_entry_statues_fountains, uniq_azrael
Snake:2:  layout_misc_corridors, grunt_megastairs_2
Snake:3:  layout_cave_town, serial_shops, shop,
          nicolae_shop_temple_entry_statues_fountains, lemuel_fruit_tree,
          uniq_vashnia, uniq_nikola, uniq_aizul
Snake:4:  minmay_snake_end_coiled, layout_misc_corridors
Orc:1:    layout_caves, serial_shops, nicolae_shop_stone,
          gammafunk_ghost_stat_death, nicolae_orc_flooded_monolith,
          uniq_nergalle
Orc:2:    grunt_orc_cross, layout_diamond_mine, gauntlet_entry_generic,
          nicolae_orc_crystal_geode
Elf:1:    minmay_elf_arrival_circle, layout_geoelf_octagon,
          gammafunk_ghost_arena, minmay_elf_annihilation
Elf:2:    layout_onion_city
Elf:3:    minmay_elf_hall_dome, layout_onion_city,
          portal_ice_cave_entry_frozen_things, door_vault
Vaults:1: grunt_tower_of_power, vaults_dpeg_spiral, vaults_mumra_minichess,
          vaults_standard_mumra_enter_the_diamond, vaults_dpeg_ring,
          nicolae_vaults_network_star, ontoclasm_vaults_spin,
          nicolae_vaults_little_ls, hangedman_vaults_locks,
          nicolae_vaults_yaktaur_gun_rack, layout_vaults_ring
Vaults:2: vaults_dpeg_encased_lava, minmay_crypt_entry_simple_statues,
          nicolae_vaults_three_branches, dpeg_vaults_monster_box,
          ontoclasm_vaults_water_temple, nicolae_vaults_puzzle_piece, v_misc_18,
          nicolae_vaults_windows_and_doors_thing, v_pattern_4,
          vaults_dpeg_hooks, layout_vaults_omnicross, uniq_sojobo
Vaults:4: ontoclasm_vaults_ring_square, ontoclasm_vaults_decontamination,
          nicolae_vaults_disjoint_gnomons, ontoclasm_vaults_hangar,
          st_greater_box_3, v_misc_23, grunt_vaults_funnel, v_misc_11,
          hangedman_vaults_nails, nicolae_vaults_hallways_thing,
          layout_vaults_maze_bifur, serial_shops, nicolae_shop_statue_plus

Skill      XL: |  1  2  3  4  5  6  7  8  9 10 11 12 13 14 15 16 17 18 19 20 |
---------------+-------------------------------------------------------------+-----
Earth Magic    | 4 5 6 7 8 10 11 12 13 16 17 18 21 23 | 23.4
Maces & Flails | 1 2 3 |  3.5
Fighting       | 1 2 4 5 6 8 10 11 13 14 | 14.6
Conjurations   | 1 2 3 4 6 8 9 10 11 13 14 16 | 16.1
Armour         | 2 4 7 8 |  8.0
Spellcasting   | 3 7 9 10 | 10.3
Evocations     | 1 2 5 7 8 |  8.3
Staves         | 2 3 4 |  4.0
Transmutations | 1 4 |  4.3
Dodging        | 2 5 6 7 10 11 | 11.5
Shields        | 1 4 |  4.0
Hexes          | 1 4 |  4.6
Ice Magic      | 5 6 |  6.0
Stealth        | |  2.1
Unarmed Combat | |  0.4

Action                   |  1- 3 |  4- 6 |  7- 9 | 10-12 | 13-15 | 16-18 | 19-21 || total
-------------------------+-------+-------+-------+-------+-------+-------+-------++-------
Melee: Unarmed           |    16 |       |       |       |       |       |       ||    16
       Club              |    48 |       |       |       |       |       |       ||    48
       Mace              |    33 |    55 |    34 |       |       |       |       ||   122
       Morningstar       |       |       |   258 |    54 |       |       |       ||   312
       Staff             |       |       |       |   187 |    95 |   101 |   146 ||   529
Throw: Stone             |       |       |       |       |       |     5 |     2 ||     7
 Cast: Sandblast         |    38 |    58 |    16 |   112 |   271 |   123 |   127 ||   745
       Stone Arrow       |       |     3 |    94 |   252 |   284 |   240 |   133 ||  1006
       Lee's Rapid Decon |       |       |       |    19 |    14 |     3 |    15 ||    51
       Iron Shot         |       |       |       |     9 |   206 |   334 |   384 ||   933
       Frozen Ramparts   |       |       |       |       |    17 |    38 |    40 ||    95
       Dazzling Flash    |       |       |       |       |     2 |     2 |     3 ||     7
       Petrify           |       |       |       |       |     1 |       |       ||     1
       Summon Butterflie |       |       |       |       |       |    14 |     4 ||    18
       Lehudib's Crystal |       |       |       |       |       |     5 |    27 ||    32
       Shatter           |       |       |       |       |       |       |     8 ||     8
       Leda's Liquefacti |       |       |       |       |       |       |     2 ||     2
  Use: Scroll            |       |       |       |    27 |     8 |    10 |    13 ||    58
       Potion            |       |       |       |       |     6 |    11 |     8 ||    25
 Stab: Sleeping          |       |     1 |     4 |     1 |       |       |       ||     6
       Distracted        |       |       |       |       |     1 |       |       ||     1
       Petrified         |       |       |       |       |       |     3 |       ||     3
  Eat: Chunk             |     3 |     6 |    10 |    30 |    71 |    67 |    18 ||   205
       Ration            |       |       |     4 |     7 |    12 |    20 |     8 ||    51
Armor: Robe              |    38 |    41 |     3 |   184 |    82 |       |       ||   348
       Leather armour    |       |       |   211 |    75 |   223 |    27 |       ||   536
       Ring mail         |       |       |       |       |       |   206 |   357 ||   563
Dodge: Dodged            |    79 |    74 |   251 |   340 |   305 |   191 |   389 ||  1629
Block: Buckler           |       |       |       |    17 |   107 |    73 |   124 ||   321
       Reflection        |       |       |       |       |       |       |     2 ||     2
